 Dungeon Crawl Stone Soup version 0.24-a0-194-g9bee6eb (webtiles) character file.

Game seed: 11704983831244714535

32 gruber the Shooter (level 3, 0/31 HPs)
             Began as a Centaur Hunter on Mar 18, 2019.
             Succumbed to an adder's poison
             ... on level 1 of the Dungeon.
             The game lasted 00:01:12 (717 turns).

gruber the Shooter (Centaur Hunter)                  Turns: 717, Time: 00:01:12

Health: 0/31       AC:  4    Str: 14    XL:     3   Next: 10%
Magic:  3/3        EV:  9    Int: 10    God:
Gold:   63         SH:  0    Dex: 10    Spells: 2/2 levels left

rFire    . . .     SeeInvis .   b - +0 short sword
rCold    . . .     Gourm    .   (no shield)
rNeg     . . .     Faith    .   c - +0 leather armour
rPois    .         Spirit   .   (no helmet)
rElec    .         Reflect  .   (no cloak)
rCorr    .         Harm     .   (no gloves)
MR       .....                  (no barding)
Stlth    ..........             (no amulet)
HPRegen  0.10/turn              k - ring of attention (curse)
MPRegen  0.08/turn              (no ring)

@: lethally poisoned (0 -> -8), very quick
A: large, hooves 3, deformed body, speed 2, tough skin 3
a: no special abilities


You were on level 1 of the Dungeon.
You were not hungry.

You visited 1 branch of the dungeon, and saw 2 of its levels.

You collected 63 gold pieces.

Inventory:

Hand Weapons
 a - a +1 shortbow
 b - a +0 short sword (weapon)
Missiles
 d - 15 arrows
Armour
 c - a +0 leather armour (worn)
Jewellery
 k - a cursed ring of attention (left hand)
Scrolls
 h - a scroll of amnesia {unknown}
 i - 3 scrolls of remove curse {unknown}
 j - a scroll of noise {unknown}
 l - 2 scrolls of identify {unknown}
Potions
 e - 2 potions of lignification {unknown}
 g - a potion of mutation {unknown}
 m - a potion of haste {unknown}
Comestibles
 f - 2 rations


   Skills:
 * Level 3.6 Fighting
 - Level 5.3 Bows
 - Level 1.3 Dodging
 - Level 0.4 Stealth


You had 2 spell levels left.
You didn't know any spells.
Your spell library was empty.

Dungeon Overview and Level Annotations

Branches:
Dungeon (2/15)

Altars:


Innate Abilities, Weirdness & Mutations

You have hooves in place of feet.
Armour fits poorly on your strangely shaped body.
You cover ground very quickly.
You have extremely tough skin. (AC +3)


Message History

The adder is heavily wounded.
You feel sick. The adder bites you but does no damage.
You closely miss the adder.
The adder is heavily wounded.
* * * LOW HITPOINT WARNING * * *
You feel sick. The adder bites you but does no damage.
The adder closely misses you.
You closely miss the adder.
The adder is heavily wounded.
* * * LOW HITPOINT WARNING * * *
You feel sick. The adder bites you.
* * * LOW HITPOINT WARNING * * *
You barely miss the adder. Your kick misses the adder.
The adder is heavily wounded.
* * * LOW HITPOINT WARNING * * *
You feel sick. The adder barely misses you. The adder bites you.
* * * LOW HITPOINT WARNING * * *
You hit the adder but do no damage. You kick the adder.
The adder is severely wounded.
You die...

....##.....##...#..#
'#####.....##...#..#
....##.(<..##......#
.8..##.....######..#
....#############..#
#############......#
#..##.##.######..#
###..##.##.######..#
...).....(....rS@..#
###.#############.##
###.# #.# .##.# #.#
.##.#############.#
.##...........##..#
.#####..)....>##.##
.# #.#########.# .#
#.# #.#


You could see an adder and a quokka.

Vanquished Creatures
  A dart slug (D:1)
  A leopard gecko (D:1)
  A bat (D:1)
  A giant cockroach (D:1)
  5 goblins (D:1)
  4 hobgoblins (D:1)
  2 jackals (D:1)
  4 frilled lizards (D:1)
  3 kobolds (D:1)
  7 rats (D:1)
29 creatures vanquished.

Notes
Turn   | Place    | Note
-------+----------+-------------------------------------------
     0 | D:1      | gruber the Centaur Hunter began the quest for the Orb.
     0 | D:1      | Reached XP level 1. HP: 17/17 MP: 1/1
   114 | D:1      | Reached XP level 2. HP: 23/25 MP: 2/2
   528 | D:1      | Reached XP level 3. HP: 31/31 MP: 3/3
   716 | D:1      | HP: 1/31 [adder (4)]
   717 | D:1      | Succumbed to an adder's poison

Levels and vault maps discovered:
D:1:      dpeg_arrival_rooms_b, layout_loops_ring, minmay_bisected
D:2:      layout_rooms, nicolae_gozag_cash_rules_everything_around_me,
          st_stairs_14, minmay_split_cup_large, uniq_robin

Skill      XL: |  1  2 |
---------------+-------+-----
Fighting       | 3 |  3.6
Bows           | |  5.3
Dodging        | |  1.3
Stealth        | |  0.4

Action                   || total
-------------------------++-------
Melee: Short sword       ||    81
       Kick              ||    14
 Fire: Shortbow          ||     5
Armor: Leather armour    ||    33
Dodge: Dodged            ||    33

Table legend:
 A = Non-vault XP
 B = Vault XP
 C = Vault XP percentage of total XP
 D = Non-vault monster count
 E = Vault monster count
 F = Vault count percentage of total count
                 A         B        C        D         E       F
            +---------+---------+-------+---------+---------+-------
      Total |      43 |       4 |   8.5 |      26 |       3 |  10.3
            +---------+---------+-------+---------+---------+-------
        D:1 |      43 |       4 |   8.5 |      26 |       3 |  10.3
            +---------+---------+-------+---------+---------+-------
